Cogmind - Beta 15 @@@ ROGUE MODE // 2025.09.17 @ 16:24:49 Player: c4-BRK Result: Destroyed by G-47 Trooper with Particle Gun Performance ------------- Evolutions (0) 0 Regions Visited (2) 400 Robots Destroyed (9) 45 Value Destroyed (175) 175 Prototype IDs (0) 0 Alien Tech Used (0) 0 Bonus (0) 0 TOTAL SCORE: 620 Bonus ------- None Cogmind --------- Core Integrity 0/250 Matter 237/300 Energy 105/125 System Corruption 0% Temperature Cool (10) Movement Treading (160) Location -10/Mines Parts ------- > --- POWER (1) -------- Light Ion Engine > --- PROPULSION (2) --- Light Treads Light Treads > --- UTILITY (2) ------ Small Storage Unit > --- WEAPON (2) ------- Datajack Mining Laser > --- INVENTORY (8) ---- (None) Peak State ------------ > --- POWER ------------ Ion Engine > --- PROPULSION ------- Wheel Compact Wheel > --- UTILITY ---------- Small Storage Unit > --- WEAPON ----------- EM Pulse Gun Assault Rifle > --- INVENTORY -------- Light Treads Light Treads [Rating: 6] Favorites ----------- Power Ion Engine Engine Ion Engine Power Core Light Nuclear Core Propulsion Compact Wheel Treads Light Treads Wheel Compact Wheel Utility Small Storage Unit Storage Small Storage Unit Weapon Assault Rifle Energy Gun EM Pulse Gun Ballistic Gun Assault Rifle Special Melee Weapon Datajack Build | -11 -10 -10 ------- Run | Yrd Mat Min Slots Evolved . | . . . Power . | . . . Propulsion . | . . . Utility . | . . . Weapon . | . . . Parts Attached 13 | 6 6 1 Power 3 | 1 2 . Engine 2 | 1 1 . Core 1 | . 1 . Reactor . | . . . Propulsion 4 | 2 2 . Treads 2 | . 2 . Leg . | . . . Wheel 2 | 2 . . Hover . | . . . Flight . | . . . Utility 1 | 1 . . Device . | . . . Storage 1 | 1 . . Processor . | . . . Hackware . | . . . Protection . | . . . Artifact . | . . . Weapon 5 | 2 2 1 Energy Gun 1 | 1 . . Energy Cannon . | . . . Ballistic Gun 2 | 1 1 . Ballistic Cannon . | . . . Launcher . | . . . Special Weapon 1 | . . 1 Impact Weapon . | . . . Slashing Weapon . | . . . Piercing Weapon . | . . . Special Melee Weapon 1 | . 1 . Unidentified Prototypes . | . . . Parts Lost 7 | . 6 1 Power 2 | . 2 . Propulsion 2 | . 2 . Utility . | . . . Weapon 3 | . 2 1 Highest Loss Streak 6 | . 6 1 To Critical Strikes . | . . . Average Backups 1 | 2 1 1 Power . | . . . Propulsion 1 | 2 1 . Utility . | . . . Weapon . | . . 1 Tool/Special . | . . . Unused Backups . | . . . Power . | . . . Propulsion . | . . . Utility . | . . . Weapon . | . . . Tool/Special . | . . . Average Slot Usage (%) 71 | . 70 85 Engine 10 | . 10 14 Treads 6 | . 5 28 Wheel 16 | . 17 . Storage 14 | . 14 14 Energy Gun 7 | . 7 . Ballistic Gun 12 | . 12 14 Special Melee Weapon 2 | . 1 14 Peak Build Rating 6 | 6 6 6 Average Rating 4 | 3 5 5 On Entrance 4 | . 6 6 Naked Turns . | . . . Heaviest Build 14 | 14 14 10 Greatest Support 40 | 26 40 40 Greatest Overweight (x) 1 | 1 1 . Average Overweight (x) . | . . . Largest Inventory Capacity 8 | 8 8 8 Average Capacity 7 | 7 8 8 Most Carried 6 | 6 5 1 Average Carried 1 | 2 1 1 Final Capacity 8 | 8 8 8 Final Carried 2 | 2 1 . Class Distribution -------------------- 100% | Mutant Dominant Class ---------------- Mutant | -10/Materials Mutant | -10/Mines Resources | -11 -10 -10 ----------- Run | Yrd Mat Min Matter Collected 377 | 260 117 . Remotely . | . . . Salvage Created 226 | . 226 . Parts 17 | . 17 . Haulers Intercepted . | . . . Recyclers Shooed 1 | . 1 . Parts Field Recycled . | . . . Retrieved Matter . | . . . Parts Self-Destructed . | . . . Prevented . | . . . Kills | -11 -10 -10 ------- Run | Yrd Mat Min Combat Hostiles Destroyed 9 | . 9 . Guns 8 | . 8 . AOE 1 | . 1 . Classes Destroyed 2 | . 2 . Swarmer 6 | . 6 . Grunt 3 | . 3 . Best Kill Streak 3 | . 3 . Combat Bots Only 3 | . 3 . Max Kills in Single Turn 1 | . 1 . Gunslinging . | . . . Exploded 1 | . 1 . Melee . | . . . Uniques/NPCs Destroyed . | . . . Combat | -11 -10 -10 -------- Run | Yrd Mat Min Hostile Shots Fired 109 | . 93 16 Missed 21 | . 19 2 Hits 88 | . 74 14 Projectile 88 | . 74 14 Critical Strikes 1 | . 1 . Damage Taken 838 | . 657 181 Core 262 | . 206 56 Absorbed by Shields . | . . . Core Remaining (%) 100 | 100 . . Volleys Fired 50 | . 43 7 Largest 2 | . 2 1 Hottest 60 | . 60 20 Shots Fired 65 | . 58 7 Gun 65 | . 58 7 Cannon . | . . . Launcher . | . . . Special . | . . . Kinetic 50 | . 43 7 Thermal . | . . . Explosive . | . . . Electromagnetic 15 | . 15 . Robot Hit Streak 9 | . 9 2 Robot Miss Streak 5 | . 5 2 Penetration Max . | . . . Secondary Targets 1 | . 1 . Max Gunslinging Chain 1 | . 1 . Shots Hit Robots 38 | . 34 4 Core Hits 16 | . 15 1 Critical Kills . | . . . Critical Parts Destroyed . | . . . Critical Strikes . | . . . Melee Attacks . | . . . Impact . | . . . Slashing . | . . . Piercing . | . . . Sneak Attacks . | . . . Combat Hostiles . | . . . Follow-up Attacks . | . . . Damage Inflicted 550 | . 516 34 Guns 427 | . 393 34 Cannons . | . . . Explosions 123 | . 123 . Melee . | . . . Ramming . | . . . Kinetic 317 | . 283 34 Thermal 123 | . 123 . Explosive . | . . . Electromagnetic 110 | . 110 . Impact . | . . . Slashing . | . . . Piercing . | . . . Highest Corruption . | . . . Average Corruption . | . . . Corruption Purged . | . . . Corruption Blocked . | . . . Overload Shots . | . . . Overflow Damage . | . . . Projectiles . | . . . Explosions . | . . . Melee . | . . . Knockbacks . | . . . Impact . | . . . Kinetic . | . . . Secondary . | . . . Self-Inflicted Damage . | . . . Shots . | . . . Rammed . | . . . Targets Rammed . | . . . Kicked . | . . . Crushed . | . . . Highest Temperature 36 | . 36 15 Average Temperature 18 | . 20 9 Received Heat Transfer 183 | . 78 105 Siege Activations . | . . . Martial Activations . | . . . Shielding Activations . | . . . Robots Disrupted . | . . . Combat Hostiles . | . . . Robots Corrupted . | . . . Combat Hostiles . | . . . Parts Fried . | . . . Impact Corruptions . | . . . Robots Melted . | . . . Combat Hostiles . | . . . Parts Melted . | . . . Heat Transferred 250 | . 250 . Parts Sabotaged . | . . . Parts Stolen . | . . . Parts Stripped . | . . . Power Chain Reactions 1 | . 1 . Alert | -11 -10 -10 ------- Run | Yrd Mat Min Maximum Alert Level . | . . . Low Security (%) 100 | 100 100 100 Level 1 . | . . . Level 2 . | . . . Level 3 . | . . . Level 4 . | . . . Level 5 . | . . . High Security . | . . . Max Security . | . . . Peak Influence 83 | . 83 12 Initial 12 | . . 12 Average 23 | . 28 11 Influence Increases 223 | . 223 . Destroy 0b10 Robot/C 180 | . 180 . Destroy Leader 40 | . 40 . Destroy Structure 3 | . 3 . Influence Decreases 221 | . 190 31 Entered New Map 21 | . . 21 Time Decay 130 | . 130 . Lost Part 70 | . 60 10 Squads Dispatched 2 | . 2 . Investigation 1 | . 1 . Extermination . | . . . Reinforcement 1 | . 1 . Assault . | . . . Garrison . | . . . Intercept . | . . . Searches Triggered . | . . . Construction Impeded . | . . . Haulers Reinforced . | . . . Active Scanning Responses . | . . . Cargo Convoy Interrupts . | . . . Stealth | -11 -10 -10 --------- Run | Yrd Mat Min Distress Signals . | . . . Communications Jammed . | . . . Distress Signals . | . . . Times Spotted 14 | . 12 2 Peak Tracking Total 4 | . 4 2 Tactical Retreats . | . . . Traps | -11 -10 -10 ------- Run | Yrd Mat Min Traps Triggered 2 | . 2 . Indirectly . | . . . Trap Hack Attempts . | . . . Triggered . | . . . Disarmed . | . . . Reprogrammed . | . . . Reused . | . . . Traps Extracted . | . . . Installed . | . . . Triggered . | . . . Machines | -11 -10 -10 ---------- Run | Yrd Mat Min Machines Disabled . | . . . Max in Single Turn . | . . . Machines Repaired . | . . . Machines Dismantled . | . . . Machines Sabotaged . | . . . Overloaded Fab Kills . | . . . Hacking | -11 -10 -10 --------- Run | Yrd Mat Min Machines Accessed 1 | . 1 . Terminals 1 | . 1 . Fabricators . | . . . Repair Stations . | . . . Recycling Units . | . . . Scanalyzers . | . . . Garrison Access . | . . . Total Hacks 2 | . 2 . Successful . | . . . Failed 2 | . 2 . Catastrophic 1 | . 1 . Database Lockouts . | . . . Manual 2 | . 2 . Terminals 2 | . 2 . Fabricators . | . . . Repair Stations . | . . . Recycling Units . | . . . Scanalyzers . | . . . Garrison Access . | . . . Terminal Hacks . | . . . Fabricator Hacks . | . . . Repair Station Hacks . | . . . Recycling Unit Hacks . | . . . Scanalyzer . | . . . Garrison Access Hacks . | . . . Unauthorized Hacks . | . . . Terminals . | . . . Fabricators . | . . . Repair Stations . | . . . Recycling Units . | . . . Scanalyzers . | . . . Garrison Access . | . . . Data Cores Recovered . | . . . Used . | . . . Hacking Detections 1 | . 1 . Full Trace Events 1 | . 1 . Feedback Events . | . . . Feedback Blocked . | . . . Robot Schematics Acquired . | . . . Robots Built . | . . . Authchips . | . . . Time . | . . . Total Robot Build Rating . | . . . Part Schematics Acquired . | . . . Parts Built . | . . . Authchips . | . . . Time . | . . . Total Part Build Rating . | . . . Parts Repaired . | . . . Time . | . . . Parts Recycled . | . . . Recycled Matter . | . . . Retrieved Matter . | . . . Retrieved Components . | . . . Parts Scanalyzed . | . . . Part Schematics Acquired . | . . . Parts Damaged . | . . . Bothacking | -11 -10 -10 ------------ Run | Yrd Mat Min Used RIF Installer . | . . . Robots Hacked . | . . . Non-combat . | . . . Combat . | . . . Robot Hacks Applied . | . . . Relay Couplers Released . | . . . Fabnet Peak Effective % . | . . . Robots Rewired . | . . . Allies Hacked . | . . . Hacks Repelled . | . . . Allies | -11 -10 -10 -------- Run | Yrd Mat Min Total Allies . | . . . Largest Group . | . . . Highest-Rated Group . | . . . Highest-Rated Ally . | . . . Total Orders . | . . . Ally Attacks . | . . . Total Damage . | . . . Kills . | . . . Allies Corrupted . | . . . Allies Melted . | . . . Intel | -11 -10 -10 ------- Run | Yrd Mat Min Active Infowar (turns) . | . . . Robot Analysis Total . | . . . Derelict Logs Recovered . | . . . Drone Launches . | . . . Drone Recoveries . | . . . Exploration | -11 -10 -10 ------------- Run | Yrd Mat Min Turns Passed 446 | 67 363 16 Spaces Moved 262 | 63 197 2 Core 33 | 20 13 . Treads 44 | . 42 2 Legs . | . . . Wheels 185 | 43 142 . Hover . | . . . Flight . | . . . Fastest Speed 50 | 50 90 160 Average Speed 101 | 84 106 160 Slowest Speed 160 | 100 160 160 Overloaded Moves . | . . . Propulsion Burnouts . | . . . Robots Hopped . | . . . Potential Cave-ins . | . . . Cave-ins Triggered . | . . . Exploration Rate (%) 17 | 3 44 6 Regions Visited 2 Branch Regions 1 Pre-discovered Areas . | . . . Known Exits Taken . | . . . Unknown Exits Taken 2 | 1 1 . Scrap Searched . | . . . Spaces Dug . | . . . Terrain Destroyed 3 | . 3 . Melee . | . . . Projectile . | . . . AOE 3 | . 3 . Terrain Rammed . | . . . Walls Destroyed . | . . . Machines Disabled . | . . . Actions | -11 -10 -10 --------- Run | Yrd Mat Min Total 380 | 76 294 10 Wait 38 | . 38 . Move 260 | 62 196 2 Hop . | . . . Pick Up 16 | 8 8 . Fast Attach . | . . . Attach 16 | 6 9 1 Detach . | . . . Swap . | . . . Drop . | . . . Fire 50 | . 43 7 Melee . | . . . Ram . | . . . Kick . | . . . Crush . | . . . Escape Stasis . | . . . Rewire . | . . . Trap . | . . . Miscellaneous . | . . . Route ------- -11/Scrapyard -10/Materials (discovered 3 exits: [*Mat] / [*Min] / [*Sub]) -10/Mines History --------- Turn | Location | Event 14 | -11/Scrapyard | Discovered new exit (range 16) 68 | -11/Scrapyard | Entered Materials 223 | -10/Materials | Discovered new exit (range 16) 301 | -10/Materials | Core integrity fell below 50% 336 | -10/Materials | Build established: Mutant 337 | -10/Materials | Core integrity fell below 20% 354 | -10/Materials | Discovered new exit (range 11) 356 | -10/Materials | Lost 6 parts (2p2n2w) 378 | -10/Materials | Discovered new exit (range 9) 431 | -10/Materials | Entered Mines 447 | -10/Mines | Destroyed by G-47 Trooper with Particle Gun Last Messages --------------- EXIT=FOUND Triggered Explosive Trap. An explosion rips through the floor. O-16 Technician destroyed. Terminal disabled. Acquired Lgt. Treads. Acquired Lgt. Ion Engine. Acquired Lgt. Assault Rifle. U-05 Engineer lays Concrete. Acquired Datajack. U-05 Engineer lays Concrete. Acquired Lgt. Treads. U-05 Engineer lays Concrete. U-05 Engineer builds a Wall. U-05 Engineer lays Concrete. Acquired Mining Laser. LOCATION=UNKNOWN GOAL=ESCAPE Something is scanning the area. Lgt. Assault Rifle destroyed. Map ----- +----------------------------------------------------+ | ???????????????????????????????????? | | ???????????????????????????????????? | | ???????????????????????????????????? | | ???????????????????????????????????? | | ???????????????????????????????????? | | ???????????????????????????????????? | | ???????????????????????????????????? | | ???????????????????????????????????? | | ???????????????????????????????????? | | ???????????????????????????????????? | | ???????????????????????????????????? | | ????????? ?????????????????????????? | | ????????? ?????? #?????????????????? | | ????????? ?????$ #?????????????????? | | ????????? #???? ?????????????????? | | ????????? #??# ??????????????????? | | ?????????? ## ??????????????????? | | ?????????? ???????????????????? | | ?????????? ????????????????????? | | ?????????? ????????????????????? | | ?????????? ?????????????????????? | | ?????????? #?????????????????????? | | ??????????# #?????????????????????? | | ??????????#g ##????????????????????? | | ????????### ##???????????????????? | | ????????# @ g#???????????????????? | | ???????# #????????????? | | ??????# #????????????? | | ????? ####### #????????????? | | ???# #?????????????????????? | | ???# ##?????????????????????? | | ???## ##??????????????????????? | | ????########???????????????????????? | | ???????????????????????????????????? | | ???????????????????????????????????? | | ???????????????????????????????????? | | ???????????????????????????????????? | | ???????????????????????????????????? | | ???????????????????????????????????? | | ???????????????????????????????????? | | ???????????????????????????????????? | | ???????????????????????????????????? | | ???????????????????????????????????? | | ???????????????????????????????????? | | ???????????????????????????????????? | | ???????????????????????????????????? | | ???????????????????????????????????? | | ???????????????????????????????????? | | ???????????????????????????????????? | | ???????????????????????????????????? | +----------------------------------------------------+ Best States ------------- Heat Dissipation 25 Energy Generation 14 Energy Capacity 250 Matter Stores 300 Matter Capacity 300 Sight Range 16 Terrain Scan Density 10 Evasion (%) 50 Recoil Reduction 2 Item Schematics ----------------- None Robot Schematics ------------------ None Fabricated ------------ Nothing Repaired ---------- Nothing Alien Tech Used ----------------- None Achievements -------------- None Challenges ------------ None Game ------ Seed HelicalShadePod Manual? 0 Play Time 00:04:19 Cumulative 22.8 hours Start 2025.09.17 @ 16:20:12 End 2025.09.17 @ 16:24:49 Sessions 1 Manual Loads 0 Difficulty Rogue Special Mode None Game No. 32 Rogue 11 Adventurer 21 Explorer 0 Win Type - Total 1 Types 0/0/0/0/0/0/0/1/0/0 Lore% 47 Gallery% 31 Achievement% 37 Wizard Run 0 Options --------- Layout 1 ASCII 0 Keyboard 0 Movement Mouse Keybinds 0 Fullscreen 2 Font 24/Smallcaps Map View 50x35 Zoom Use 0% Tactical HUD 0 Map Filters NONE Filters NONE Steam 1 RUN: 955f0585-b2d3-46af-ac22-ed681cb96605